 Dungeon Crawl Stone Soup version 0.14.0-6-g1bc2dff (console) character file.

164981 Garrluk the Eclecticist (level 17, 0/99 HPs)
             Began as a Deep Elf Fire Elementalist on Apr 12, 2014.
             Was the Champion of Vehumet.
             Slain by an anaconda (2 damage)
             ... on Level 5 of the Snake Pit.
             The game lasted 03:03:15 (41978 turns).

Garrluk the Eclecticist (DEFE)                     Turns: 41978, Time: 03:03:16

HP   0/99        AC 10     Str  5      XL: 17   Next: 21%
MP   2/43        EV 23     Int 28      God: Vehumet [******]
Gold 2940        SH  0     Dex 19      Spells:  9 memorised, 16 levels left

rFire  + + +     SeeInvis .     G - staff of fire
rCold  + . .     Clarity  .     l - +2 robe {rF+}
rNeg   . . .     Conserve .     (no shield)
rPois  +         rCorr    .     v - +0 helmet {rF+}
rElec  .         rRot     .     a - +0 cloak
SustAb . .       Spirit   .     b - +0 pair of gloves
rMut   +         Warding  .     x - +2 pair of boots {Fly}
Saprov . . .     Stasis   .     y - amulet of resist mutation
MR     ++...                    m - ring of Winaen {rC+ MR+ Dex+4 Dam+4}
                                n - ring of poison resistance

@: about to teleport, flying, constricted, very resistant to hostile
enchantments, stealthy
A: no striking features
a: Renounce Religion, Stop Flying


You were on level 5 of the Snake Pit.
You worshipped Vehumet.
Vehumet was exalted by your worship.
You were not hungry.

You visited 7 branches of the dungeon, and saw 34 of its levels.
You visited the Abyss 1 time.
You also visited: Sewer, Ice Cave and Volcano.

You collected 4096 gold pieces.
You spent 1156 gold pieces at shops.

Inventory:

Hand weapons
 D - a +1 blowgun
Missiles
 o - 2 curare-tipped needles
Armour
 a - a +0 cloak (worn)
 b - a +0 pair of gloves (worn)
 l - a +2 robe of fire resistance (worn)
 v - a +0 helmet of fire resistance (worn)
 x - a +2 pair of boots of flying (worn)
Magical devices
 r - a wand of cold (6)
 E - a wand of disintegration (9)
Comestibles
 c - a chunk of anaconda flesh
 p - 4 meat rations
Scrolls
 u - a scroll of blinking
 F - a scroll of fog
 I - 3 scrolls of fear
 J - 4 scrolls of identify
 K - 2 scrolls of magic mapping
 L - 3 scrolls of remove curse
 M - 3 scrolls of teleportation
 P - a scroll of vulnerability
Jewellery
 h - an uncursed ring of see invisible
 j - an uncursed ring of wizardry
 k - an uncursed amulet of warding
 m - the ring of Winaen (right hand) {rC+ MR+ Dex+4 Dam+4}
   (You found it on level 1 of the Snake Pit)

   [ring of protection from cold]

   It affects your dexterity (+4).
   It affects your damage with ranged weapons and melee attacks (+4).
   It affects your resistance to hostile enchantments.
 n - a ring of poison resistance (left hand)
 q - an uncursed ring of wizardry
 y - an amulet of resist mutation (around neck)
Potions
 d - 3 potions of haste
 e - a potion of invisibility
 i - 2 potions of restore abilities
 A - a potion of might
 Q - 5 potions of curing
 S - 5 potions of heal wounds
Magical staves
 C - an uncursed staff of conjuration
 G - an uncursed staff of fire (weapon)


   Skills:
 - Level 8.6 Fighting
 - Level 3.3 Armour
 - Level 12.4 Dodging
 - Level 2.4 Stealth
   Level 1.3 Shields
 - Level 20.3 Spellcasting
 * Level 15.3 Conjurations
 * Level 20.2 Fire Magic


You had 16 spell levels left.
You knew the following spells:

 Your Spells              Type           Power        Failure   Level  Hunger
a - Flame Tongue          Conj/Fire      #####        0%          1    None
b - Sticky Flame          Conj/Fire      ########     0%          4    None
c - Conjure Flame         Conj/Fire      ########     0%          3    None
d - Control Undead        Necr           ####......   14%         4    None
f - Orb of Destruction    Conj           #######...   1%          7    ####...
j - Ignite Poison         Fire/Trmt      #######...   1%          5    None
r - Throw Flame           Conj/Fire      ######       0%          2    None
C - Fire Storm            Conj/Fire      ########..   32%         9    #######
D - Fireball              Conj/Fire      ########..   1%          5    None


Dungeon Overview and Level Annotations

Branches:
Dungeon (12/15)            Temple (1/1) D:7             Orc (4/4) D:12
    Elf (3/3) Orc:3          Lair (8/8) D:9           Swamp (1/5) Lair:6
  Snake (5/5) Lair:4
  Slime: Lair:6-8

Altars:
Ashenzari
Cheibriados
Dithmenos
Elyvilon
Fedhas
Kikubaaqudgha
Makhleb
Nemelex Xobeh
Okawaru
Sif Muna
Trog
Vehumet
Xom
Yredelemnul
Zin
The Shining One

Shops:
D:9 ?   Orc:3 (   Orc:4 =((*   Elf:1 [=   Elf:3 [   Snake:1 ?   Snake:4 *

Portals:
Trove: D:11 (give 7 potions of haste)

Annotations:
Lair:8 exclusion: oklob plant


Message History

The anaconda bites you but does no damage.
The anaconda constricts you.
The guardian serpent closely misses you.
The guardian serpent barely misses you.
The anaconda bites you but does no damage.
The anaconda constricts you.
Casting: Orb of Destruction
Confirm with . or Enter, or press ? or * to list all spells.
Aiming: Orb of Destruction
Press: ? - help, Shift-Dir - straight line, f/p - anaconda
Aim: an anaconda (heavily wounded, constricting you)
Your orb of destruction hits a rock wall.
You hear a grinding noise.
The guardian serpent casts a spell at you.
You resist with almost no effort. The guardian serpent hits you!
The anaconda bites you!
* * * LOW HITPOINT WARNING * * *
x2 The anaconda constricts you.
The guardian serpent misses you. The guardian serpent hits you!
* * * LOW HITPOINT WARNING * * *
The anaconda barely misses you.
You die...

##.(.....######
#.........#####
##..........%....
###................
####...............###
##..................##
##......#.............#..##
#....#####................#
. #....#
##................###..
#.).#
##......S...............
%...# #....###.@....#
#........ ...##
##%..####SS##### #......
..%####...####..## #.... .
#.#.#.#...###..## ##..# ...
........).##..§.# ##..%#
...
.%#%#.#......%%§######....#
..
.........(.....§##........#
##.
..#.#.#.....###...........#
#..
.......#...###...S####....#
##.. #(#.#.#...##
.....####)...####...
(..##.....#
#..........#..##...


You could see an anaconda and 2 guardian serpents.

Vanquished Creatures
  3 greater nagas
  Maud (Lair:7)
  Aizul (Snake:2)
  A deep elf demonologist (Elf:3)
  Snorg (Orc:1)
  A deep elf death mage (Elf:3)
  Josephine (D:11)
  2 ice dragons (IceCv)
  Fannar (Orc:4)
  Harold (Lair:7)
  5 naga warriors
  Nessos (D:12)
  3 hydras
  4 orc high priests (Orc:4)
  16 anacondas
  15 death yaks
  8 shock serpents
  6 naga sharpshooters
  3 catoblepae (Lair:8)
  Nergalle (Lair:7)
  An iron troll (Orc:4)
  A large abomination (Abyss:1)
  10 deep elf knights
  2 unseen horrors
  7 naga ritualists
  Erolcha (Volcano)
  9 deep elf summoners
  A hill giant (D:10)
  2 ice statues (IceCv)
  A manticore (D:12)
  A wolf spider (Lair:8)
  9 deep elf conjurers
  9 mana vipers
  3 salamanders
  2 griffons
  3 orc sorcerers
  A black mamba (shapeshifter) (Elf:3)
  14 elephants
  An item mimic (D:10)
  2 molten gargoyles (Volcano)
  A feature mimic (Lair:6)
  2 gargoyles
  A kobold demonologist (D:12)
  27 black mambas
  5 guardian serpents
  Psyche (D:10)
  11 naga magi
  17 spiny frogs
  A wandering mushroom (Lair:8)
  A fire drake (Lair:8)
  A smoke demon (Abyss:1)
  5 komodo dragons
  Grinder (D:4)
  11 deep elf priests
  A troll (D:10)
  10 two-headed ogres
  15 blink frogs
  Prince Ribbit (D:4)
  A basilisk (Lair:1)
  A boulder beetle (Lair:6)
  A grizzly bear (Lair:5)
  A trapdoor spider (D:11)
  2 redbacks
  A shark (D:9)
  A human (D:7)
  6 hungry ghosts
  24 deep elf magi
  26 deep elf fighters
  A hill giant zombie (D:11)
  11 ugly things
  53 yaks
  An elephant slug (Lair:6)
  Grum (D:11)
  4 hippogriffs
  5 wolves
  36 nagas
  A warg (Orc:3)
  2 tengu zombies (D:12)
  A neqoxec (Orc:4)
  2 wyverns
  8 swamp worms (Lair:3)
  Edmund (D:4)
  16 water moccasins
  A necrophage (D:8)
  11 porcupines
  4 black bears
  A human skeleton (D:12)
  29 orc warriors
  7 spiders (Snake:5)
  9 sky beasts
  A phantom (D:10)
  18 ice beasts
  7 giant goldfish
  A boring beetle (Lair:7)
  13 crocodiles
  21 ogres
  9 centaurs
  Duvessa (D:4)
  15 giant slugs
  Blork the orc (Orc:1)
  16 giant frogs
  A komodo dragon skeleton (D:11)
  2 hippogriff zombies
  5 killer bees
  5 scorpions
  A hippogriff skeleton (D:11)
  3 wights (Abyss:1)
  6 crimson imps
  2 lava snakes (Volcano)
  6 electric eels
  2 quasits
  Dowan (D:4)
  A giant frog skeleton (D:12)
  7 hounds
  2 goliath beetles (D:9)
  11 iguanas
  A centaur zombie (D:8)
  4 big fish
  5 centaur skeletons
  5 jellies
  51 orc priests
  2 basilisk skeletons
  46 orc wizards
  2 orange rats
  7 worker ants
  5 sheep
  2 mottled dragon zombies
  Ijyb (D:7)
  Jessica (D:4)
  An ogre skeleton (D:11)
  2 mummies (D:9)
  2 worker ant zombies
  A gnoll (D:1)
  32 adders
  44 green rats
  An orc zombie (D:12)
  A scorpion zombie (D:9)
  7 giant mites
  19 worms
  An inept feature mimic (D:3)
  An adder zombie (D:7)
  An iguana zombie (D:11)
  2 giant eyeballs
  8 giant geckos
  2 oozes
  178 orcs
  A bat zombie (D:6)
  22 hobgoblins
  17 kobolds
  10 quokkas
  5 ball pythons
  20 bats
  8 giant cockroaches
  2 giant newts
  A giant spore (D:12)
  20 goblins
  A goblin skeleton (D:3)
  A hobgoblin skeleton (D:4)
  14 jackals
  A jackal zombie (D:5)
  56 rats
  3 ballistomycetes (D:12)
  A bush (Lair:1)
  4 crawling corpses
  4 fungi
  8 plants
  A starspawn tentacle (Abyss:1)
  3 toadstools (D:1)
1332 creatures vanquished.

Vanquished Creatures (others)
  A water moccasin (Snake:2)
  A butterfly (D:6)
  2 fungi
  2 plants (Lair:3)
  7 starspawn tentacles (Abyss:1)
  151 starspawn tentacle segments (Abyss:1)
  A toadstool (D:1)
165 creatures vanquished.

Grand Total: 1497 creatures vanquished

Notes
Turn   | Place    | Note
--------------------------------------------------------------
     0 | D:1      | Garrluk, the Deep Elf Fire Elementalist, began the quest for the Orb.
     0 | D:1      | Reached XP level 1. HP: 10/10 MP: 5/5
   379 | D:1      | Reached XP level 2. HP: 13/15 MP: 1/8
   423 | D:1      | Reached skill level 4 in Fire Magic
   939 | D:1      | Reached XP level 3. HP: 19/19 MP: 9/11
  1297 | D:2      | Learned a level 3 spell: Conjure Flame
  1379 | D:2      | Reached XP level 4. HP: 24/24 MP: 11/14
  1433 | D:2      | Found a burning altar of Makhleb.
  1707 | D:2      | Reached skill level 5 in Fire Magic
  1752 | D:2      | Reached XP level 5. HP: 28/28 MP: 13/18
  2092 | D:3      | Found a glowing drain.
  2099 | Sewer    | Entered a sewer
  2256 | Sewer    | Learned a level 4 spell: Sticky Flame
  2262 | Sewer    | Learned a level 5 spell: Fireball
  3203 | D:4      | Noticed Edmund
  3239 | D:4      | Noticed Prince Ribbit
  3250 | D:3      | Reached skill level 5 in Spellcasting
  3250 | D:3      | Reached XP level 6. HP: 22/32 MP: 11/21
  3301 | D:4      | Learned a level 2 spell: Throw Flame
  3328 | D:4      | Killed Edmund
  3328 | D:4      | Reached skill level 6 in Fire Magic
  3522 | D:3      | Reached XP level 7. HP: 30/36 MP: 20/23
  3768 | D:4      | Noticed a hungry ghost
  3777 | D:4      | Killed a hungry ghost
  3777 | D:4      | Reached skill level 7 in Fire Magic
  3969 | D:4      | Gained mutation: Your muscles are strong. (Str +2) [potion of mutation]
  3969 | D:4      | Gained mutation: Your digestive system is specialised to digest meat. [potion of mutation]
  4201 | D:4      | Noticed Jessica
  4209 | D:4      | Killed Jessica
  4212 | D:4      | Found a deep blue altar of Sif Muna.
  4262 | D:4      | Killed Prince Ribbit
  4262 | D:4      | Reached skill level 5 in Conjurations
  4262 | D:4      | Reached skill level 8 in Fire Magic
  4262 | D:4      | Reached XP level 8. HP: 22/41 MP: 17/25
  4373 | D:4      | Noticed Duvessa
  4373 | D:4      | Noticed Dowan
  4375 | D:4      | Killed Dowan
  4376 | D:4      | Noticed Grinder
  4376 | D:4      | Killed Grinder
  4377 | D:4      | Killed Duvessa
  4583 | D:5      | Entered Level 5 of the Dungeon
  4690 | D:5      | Reached skill level 9 in Fire Magic
  5080 | D:5      | Reached XP level 9. HP: 45/45 MP: 22/28
  5273 | D:5      | Reached skill level 10 in Fire Magic
  5701 | D:6      | Gained mutation: You have sharp fingernails. [potion of beneficial mutation]
  6476 | D:7      | Found a glowing golden altar of the Shining One.
  6477 | D:7      | Noticed an angel
  6483 | D:7      | Found a basalt altar of Yredelemnul.
  6484 | D:7      | Noticed a profane servitor
  6533 | D:7      | Noticed Ijyb
  6539 | D:7      | Killed Ijyb
  6548 | D:7      | Learned a level 5 spell: Ignite Poison
  6552 | D:7      | Found a shimmering altar of Xom.
  6700 | D:7      | Reached skill level 11 in Fire Magic
  6799 | D:7      | Found a staircase to the Ecumenical Temple.
  6809 | Temple   | Entered the Ecumenical Temple
  6841 | Temple   | Became a worshipper of Vehumet
  7772 | D:8      | Reached XP level 10. HP: 45/50 MP: 17/31
  8106 | D:9      | Reached skill level 1 in Fighting
  8119 | D:8      | Reached skill level 10 in Spellcasting
  8338 | D:9      | Reached skill level 12 in Fire Magic
  8484 | D:9      | Acquired Vehumet's first power
  8484 | D:9      | Offered knowledge of Sting by Vehumet.
  9626 | D:9      | Noticed an unseen horror
  9629 | D:9      | Killed an unseen horror
  9762 | D:9      | Found Thra Hao's Magic Scroll Shoppe.
  9937 | D:9      | Reached skill level 5 in Dodging
  9938 | D:9      | Reached XP level 11. HP: 58/58 MP: 16/32
  9965 | D:9      | Found a staircase to the Lair.
 10083 | Lair:1   | Entered Level 1 of the Lair of Beasts
 10935 | Lair:1   | Offered knowledge of Searing Ray by Vehumet.
 11366 | Lair:2   | Noticed a five-headed hydra
 11370 | Lair:2   | Killed a five-headed hydra
 11370 | Lair:2   | Reached skill level 13 in Fire Magic
 11407 | Lair:2   | Found a frozen archway.
 11430 | IceCv    | Entered an ice cave
 11625 | IceCv    | Noticed an ice statue
 11627 | IceCv    | Killed an ice statue
 11775 | IceCv    | Noticed an ice dragon
 11777 | IceCv    | Noticed an ice dragon
 11781 | IceCv    | Killed an ice dragon
 11781 | IceCv    | Killed an ice dragon
 11982 | IceCv    | Noticed an ice statue
 12010 | IceCv    | Killed an ice statue
 12270 | Lair:2   | Offered knowledge of Dazzling Spray by Vehumet.
 12350 | Lair:2   | Learned a level 7 spell: Orb of Destruction
 12755 | Lair:2   | Reached skill level 10 in Conjurations
 12756 | Lair:2   | Acquired Vehumet's second power
 12756 | Lair:2   | Reached XP level 12. HP: 65/67 MP: 11/34
 13209 | Lair:3   | Reached skill level 14 in Fire Magic
 13745 | Lair:3   | Offered knowledge of Static Discharge by Vehumet.
 14294 | Lair:3   | Acquired Vehumet's third power
 14470 | Lair:3   | Offered knowledge of Lee's Rapid Deconstruction by Vehumet.
 14922 | Lair:4   | Found a staircase to the Snake Pit.
 14927 | Lair:4   | Reached skill level 5 in Fighting
 15327 | Lair:5   | Offered knowledge of Bolt of Draining by Vehumet.
 15348 | Lair:5   | Found a dark tunnel.
 15552 | Volcano  | Entered a volcano
 15820 | Volcano  | Found a burning altar of Makhleb.
 15820 | Volcano  | Noticed Erolcha
 15829 | Volcano  | Killed Erolcha
 15894 | Volcano  | Reached skill level 15 in Fire Magic
 16460 | Lair:5   | Reached XP level 13. HP: 65/73 MP: 18/36
 17292 | Snake:1  | Entered Level 1 of the Snake Pit
 17375 | Lair:6   | Found a staircase to the Swamp.
 17384 | Swamp:1  | Entered Level 1 of the Swamp
 18605 | Lair:6   | Offered knowledge of Conjure Ball Lightning by Vehumet.
 18752 | Lair:7   | Reached skill level 10 in Dodging
 18752 | Lair:7   | Reached skill level 16 in Fire Magic
 18942 | Lair:7   | Noticed Harold
 18948 | Lair:7   | Killed Harold
 19305 | Lair:7   | Noticed Maud
 19315 | Lair:7   | Killed Maud
 19352 | Lair:7   | Noticed Nergalle
 19524 | Lair:7   | Killed Nergalle
 20163 | Lair:8   | Entered Level 8 of the Lair of Beasts
 20167 | Lair:8   | Reached skill level 15 in Spellcasting
 20458 | Lair:8   | Reached XP level 14. HP: 76/80 MP: 33/38
 21000 | Lair:8   | Offered knowledge of Force Lance by Vehumet.
 21588 | Lair:8   | Reached skill level 17 in Fire Magic
 22271 | D:10     | Entered Level 10 of the Dungeon
 22827 | D:10     | Found a deep blue altar of Sif Muna.
 23189 | D:10     | Noticed Psyche
 23192 | D:10     | Killed Psyche
 23552 | D:11     | Noticed Grum
 23556 | D:11     | Killed Grum
 23784 | D:11     | Offered knowledge of Lightning Bolt by Vehumet.
 23814 | D:11     | Got a bronze leather armour
 23815 | D:11     | Identified the +0 leather armour "Quawonal" {rN+ MR++} (You found it on level 11 of the Dungeon)
 23968 | D:11     | Noticed Josephine
 23971 | D:11     | Killed Josephine
 24211 | D:11     | Found a portal to a secret trove of treasure.
 24315 | D:11     | Paralysed by a potion of paralysis for 2 turns
 25092 | D:12     | Noticed Nessos
 25608 | D:12     | Killed Nessos
 26383 | D:12     | Reached XP level 15. HP: 88/88 MP: 36/40
 26388 | D:12     | Found a staircase to the Orcish Mines.
 26552 | Orc:1    | Entered Level 1 of the Orcish Mines
 26557 | Orc:1    | Offered knowledge of Spellforged Servitor by Vehumet.
 26637 | Orc:1    | Noticed Blork the orc
 26639 | Orc:1    | Killed Blork the orc
 26831 | Orc:1    | Found a shimmering altar of Xom.
 27158 | Orc:2    | Noticed Snorg
 27240 | Orc:1    | Killed Snorg
 27856 | Orc:3    | Found Ycubb's Weapon Boutique.
 27872 | Orc:3    | Paralysed by an orc sorcerer for 2 turns
 28175 | Orc:3    | Offered knowledge of Poisonous Cloud by Vehumet.
 28356 | Orc:3    | Found a staircase to the Elven Halls.
 28715 | Orc:4    | Entered Level 4 of the Orcish Mines
 29655 | Orc:4    | Reached skill level 18 in Fire Magic
 29840 | Orc:4    | Found Plelaum's Assorted Antiques.
 29841 | Orc:4    | Found Ruebroe's Weapon Shoppe.
 29843 | Orc:4    | Found Gerchiep's Jewellery Emporium.
 29848 | Orc:4    | Found Etelios' Weapon Emporium.
 29984 | Orc:4    | Bought an uncursed ring of see invisible for 240 gold pieces
 29984 | Orc:4    | Bought an uncursed ring of flight for 280 gold pieces
 30005 | Orc:4    | Noticed Fannar
 30006 | Orc:4    | Killed Fannar
 31152 | Elf:1    | Entered Level 1 of the Elven Halls
 31318 | Elf:1    | Identified a +2 rod of destruction (6/10) (You took it off a deep elf priest on level 1 of the Elven Halls)
 31621 | Elf:1    | Found Vuexke Miapt's Jewellery Boutique.
 31624 | Elf:1    | Bought an uncursed ring of poison resistance for 300 gold pieces
 31684 | Elf:1    | Offered knowledge of Poison Arrow by Vehumet.
 32009 | Elf:1    | Found Keneeme's Antique Armour Emporium.
 32012 | Elf:1    | Bought a pair of steaming boots for 228 gold pieces
 32016 | Elf:1    | Identified the +1 pair of boots of Truth {Str+1} (You bought it in a shop on level 1 of the Elven Halls)
 32016 | Elf:1    | Bought a pair of embroidered boots for 108 gold pieces
 34521 | Elf:3    | Entered Level 3 of the Elven Halls
 34525 | Elf:3    | Reached skill level 1 in Armour
 34588 | Elf:3    | Got a brightly glowing war axe
 34590 | Elf:3    | Identified the cursed +1,+7 war axe of the Firefly {speed, MR+} (You took it off a deep elf mage on level 3 of the Elven Halls)
 34652 | Elf:3    | Offered knowledge of Lehudib's Crystal Spear by Vehumet.
 34652 | Elf:3    | Offered knowledge of Fire Storm by Vehumet.
 34652 | Elf:3    | Offered knowledge of Tornado by Vehumet.
 34652 | Elf:3    | Reached skill level 1 in Shields
 34663 | Elf:3    | Learned a level 9 spell: Fire Storm
 35048 | Elf:3    | Found Nouptife's Antique Armour Boutique.
 35083 | Elf:3    | Cast into the Abyss (deep elf demonologist)
 35083 | Abyss:1  | Found a corrupted altar of Lugonu.
 35132 | Abyss:1  | Noticed a tentacled starspawn
 35222 | Abyss:1  | Reached XP level 16. HP: 91/94 MP: 36/41
 35276 | Elf:3    | Escaped the Abyss
 36091 | Snake:1  | Learned a level 4 spell: Control Undead
 36107 | Snake:1  | Reached skill level 19 in Fire Magic
 36113 | Snake:1  | Found Bryneaxy's Magic Scroll Boutique.
 36232 | Snake:1  | Got a vibrating marble ring
 36235 | Snake:1  | Identified the ring of Winaen {rC+ MR+ Dex+4 Dam+4} (You found it on level 1 of the Snake Pit)
 36891 | Snake:2  | Noticed Aizul
 36896 | Snake:2  | Killed Aizul
 39260 | Snake:4  | Found Cyner's General Store.
 39349 | Snake:4  | Gained mutation: You have very sharp fingernails. [potion of beneficial mutation]
 39427 | Snake:4  | Reached skill level 20 in Spellcasting
 40156 | Snake:5  | Entered Level 5 of the Snake Pit
 40707 | Snake:5  | Reached XP level 17. HP: 82/99 MP: 30/43
 40792 | Snake:5  | Reached skill level 15 in Conjurations
 41094 | Snake:5  | Got a slimy copper ring
 41109 | Snake:5  | Gained mutation: Your body is slowly deteriorating. [mutagenic glow]
 41267 | Lair:2   | Identified the ring "Masuikux" {Contam rN+ Str-3 Dex+3 SInv} (You found it on level 5 of the Snake Pit)
 41301 | Lair:2   | Lost mutation: Your body is slowly deteriorating. [potion of cure mutation]
 41301 | Lair:2   | Lost mutation: Your muscles are strong. (Str +2) [potion of cure mutation]
 41301 | Lair:2   | Lost mutation: Your digestive system is specialised to digest meat. [potion of cure mutation]
 41301 | Lair:2   | Lost mutation: You have very sharp fingernails. [potion of cure mutation]
 41301 | Lair:2   | Lost mutation: You have sharp fingernails. [potion of cure mutation]
 41978 | Snake:5  | HP: 2/99 [guardian serpent (18)]
 41978 | Snake:5  | Slain by an anaconda

Action                   |  1- 3 |  4- 6 |  7- 9 | 10-12 | 13-15 | 16-18 || total
-------------------------+-------+-------+-------+-------+-------+-------++-------
Melee: Unarmed           |     8 |       |       |       |       |       ||     8
       Dagger            |     9 |    13 |       |       |       |       ||    22
       Flail             |       |       |    50 |     7 |       |       ||    57
       Staff             |       |       |       |    69 |   115 |    20 ||   204
 Cast: Flame Tongue      |    79 |   164 |   176 |    17 |   109 |    29 ||   574
       Throw Flame       |       |     3 |    12 |   276 |   301 |     1 ||   593
       Fireball          |       |     1 |    29 |    92 |   349 |    87 ||   558
       Conjure Flame     |       |     1 |    13 |     6 |     6 |       ||    26
       Sticky Flame      |       |       |    14 |    61 |    84 |    27 ||   186
       Ignite Poison     |       |       |       |    26 |    67 |    89 ||   182
       Orb of Destructio |       |       |       |     5 |    56 |    34 ||    95
       Control Undead    |       |       |       |       |       |     1 ||     1
 Abil: Evoke Flight      |       |       |       |       |     1 |       ||     1
Evoke: Wand              |       |       |       |     3 |     8 |     2 ||    13
       Rod               |       |       |       |       |     1 |       ||     1
  Use: Scroll            |     1 |     9 |     7 |     6 |    12 |     3 ||    38
       Potion            |       |       |    11 |     3 |     4 |     5 ||    23
 Stab: Sleeping          |       |       |       |       |     1 |       ||     1
